 Dungeon Crawl Stone Soup version 0.25.1-8-g42b30a86e7 (webtiles) character file.

Game seed: 15891834147659868059

930 Destapler the Skirmisher (level 7, -1/55 HPs)
             Began as a Demonspawn Wanderer on Dec 21, 2020.
             Slain by a worker ant (4 damage)
             ... on level 4 of the Dungeon.
             The game lasted 00:10:03 (4795 turns).

Destapler the Skirmisher (Demonspawn Wanderer)      Turns: 4795, Time: 00:10:04

Health: -1/55      AC: 10    Str: 16    XL:     7   Next: 86%
Magic:  7/7        EV:  8    Int: 13    God:
Gold:   191        SH:  9    Dex: 11    Spells: 6/6 levels left

rFire    x . .     SeeInvis .   k - +4 whip
rCold    + . .     Gourm    .   c - +0 kite shield
rNeg     . . .     Faith    .   b - +0 ring mail
rPois    .         Spirit   .   (no helmet)
rElec    .         Reflect  .   (no cloak)
rCorr    .         Harm     .   (no gloves)
MR       .....                  r - +0 pair of boots
Stlth    +.........             (no amulet)
HPRegen  0.18/turn              q - ring of ice
MPRegen  0.10/turn              (no ring)

@: lethally poisoned (-1 -> -25)
A: thin metallic scales 2, rot immunity
a: no special abilities


You were on level 4 of the Dungeon.
You were not hungry.

You visited 1 branch of the dungeon, and saw 5 of its levels.

You collected 191 gold pieces.

Inventory:

Hand Weapons
 a - a +0 hand axe
 k - a +4 whip (weapon)
Missiles
 e - 2 boomerangs (quivered)
Armour
 b - a +0 ring mail (worn)
 c - a +0 kite shield (worn)
 r - a +0 pair of boots (worn)
Jewellery
 q - a ring of ice (left hand)
Scrolls
 f - a scroll of magic mapping {unknown}
 g - a scroll of random uselessness {unknown}
 i - 6 scrolls of identify {unknown}
 m - a scroll of fog {unknown}
 o - a scroll of enchant armour {unknown}
 t - 4 scrolls of immolation {unknown}
Potions
 h - 5 potions of curing
 j - 2 potions of flight
 n - 2 potions of berserk rage
 p - a potion of haste
 s - a potion of brilliance {unknown}
 u - a potion of stabbing {unknown}
 v - a potion of lignification {unknown}
Comestibles
 d - 4 rations


   Skills:
 + Level 4.9 Fighting
 - Level 1.3(2.6) Axes
 + Level 3.4(3.6) Maces & Flails
 + Level 3.6 Throwing
 + Level 4.5 Armour
 + Level 3.7 Shields


You had 6 spell levels left.
You didn't know any spells.
Your spell library was empty.

Dungeon Overview and Level Annotations

Branches:
Dungeon (5/15)
 Temple: D:4-7

Altars:
The Shining One

Shops:
D:5 [

Annotations:
D:4 3 runed translucent doors


Innate Abilities, Weirdness & Mutations

You are mostly covered in thin metallic scales. (AC +3)
You are immune to rotting.


Message History

You feel very sick.
The worker ant bites you but does no damage.
The adder barely misses you.
The worker ant bites you but does no damage.
The worker ant waves its antennae.
The worker ant bites you.
* * * LOW HITPOINT WARNING * * *
The adder bites you.
* * * LOW HITPOINT WARNING * * *
You are more poisoned.
The adder poisons you!
The worker ant bites you but does no damage.
* * * LOW HITPOINT WARNING * * *
You feel sick.
You closely miss the worker ant.
The worker ant is almost dead.
* * * LOW HITPOINT WARNING * * *
You feel very sick. The worker ant bites you.
You die...

#........#####........
#..##...............#
#.........###.#####.
#..#........#....##.
#.........#.#....#..
##.#.......#...#.....
#.a#.########..#.....
#.Sa.## ##.....##
#S.#@.# #......#
#....#..# #.......
.....####.... #.<...##
...... #......
.......# .....
##..........###...
..... .)..... .. ....
..<.... #. ....
...#... ## #


You could see 2 worker ants and an adder.

Vanquished Creatures
  Duvessa (D:4)
  An ogre (D:4)
  5 big kobolds (D:3)
  Dowan (D:4)
  An orc wizard (D:3)
  Terence (D:2)
  An iguana (D:5)
  Natasha (D:3)
  A worker ant (D:4)
  3 gnolls (D:3)
  2 adders
  A shadow imp (D:3)
  3 oozes
  5 worms
  2 dart slugs (D:1)
  2 leopard geckos
  10 orcs
  A ball python (D:5)
  8 bats
  5 giant cockroaches
  8 goblins
  9 hobgoblins
  4 jackals (D:5)
  48 kobolds
  4 frilled lizards
  A giant cockroach zombie (D:5)
  9 rats
138 creatures vanquished.

Notes
Turn   | Place    | Note
-------+----------+-------------------------------------------
     0 | D:1      | Destapler the Demonspawn Wanderer began the quest for the
                  | Orb.
     0 | D:1      | Destapler set off with the following items: a +0 hand axe,
                  | a +0 ring mail, a +0 kite shield, a ration
     0 | D:1      | Reached XP level 1. HP: 18/18 MP: 1/1
   253 | D:1      | Gained mutation: You are partially covered in thin metallic
                  | scales. (AC +2) [demonic ancestry]
   253 | D:1      | Reached XP level 2. HP: 23/24 MP: 2/2
   747 | D:1      | Reached XP level 3. HP: 29/29 MP: 3/3
   829 | D:1      | Found a glowing golden altar of the Shining One.
  1497 | D:2      | Noticed Terence
  1518 | D:2      | Killed Terence
  1518 | D:2      | Reached XP level 4. HP: 23/35 MP: 4/4
  2376 | D:3      | Noticed a big kobold
  2380 | D:3      | Noticed a big kobold
  2380 | D:3      | Noticed a big kobold
  2400 | D:3      | Gained mutation: You are mostly covered in thin metallic
                  | scales. (AC +3) [demonic ancestry]
  2400 | D:3      | Reached XP level 5. HP: 38/41 MP: 5/5
  2435 | D:3      | Reached XP level 6. HP: 26/48 MP: 6/6
  2959 | D:3      | Gained mutation: You are immune to rotting. [demonic
                  | ancestry]
  2959 | D:3      | Reached XP level 7. HP: 48/55 MP: 7/7
  3061 | D:3      | Noticed Natasha
  3079 | D:3      | Killed Natasha
  3820 | D:4      | Noticed Duvessa
  3820 | D:4      | Noticed Dowan
  3828 | D:4      | Killed Dowan
  3846 | D:4      | Killed Duvessa
  4103 | D:4      | Found a runed translucent gate.
  4103 | D:4      | Found a runed translucent gate.
  4103 | D:4      | Found a runed translucent gate.
  4148 | D:4      | You fall into a shaft and drop 1 floor!
  4148 | D:5      | Entered Level 5 of the Dungeon
  4148 | D:5      | Found Goymna's Armour Boutique.
  4795 | D:4      | Slain by a worker ant

Illustrated notes

Levels and vault maps discovered:
D:1:      arrival_zaba_pyramid, layout_loops_ring, tso_metal_star
D:2:      layout_rooms, uniq_terence
D:3:      minmay_goblin_kobold_castle, layout_loops_ring, serial_rivers,
          chequers_serial_rivers_small_b, chequers_serial_rivers_micro_c,
          chequers_serial_rivers_micro_c, chequers_serial_rivers_small_b,
          chequers_serial_rivers_micro_b, chequers_serial_rivers_micro_c,
          kennysheep_path_1, moated_statue, uniq_natasha
D:4:      layout_rooms, first_ration, gammafunk_ghost_icy, uniq_ijyb,
          uniq_duvessa
D:5:      layout_rooms, serial_shops, shop, grunt_ministairs_11

Skill      XL: |  1  2  3  4  5  6  7 |
---------------+----------------------+-----
Armour         | 3 4 |  4.5
Shields        | 2 3 |  3.7
Throwing       | 2 3 |  3.6
Maces & Flails | 2 3 |  3.4
Fighting       | 4 |  4.9
Axes           | |  1.3

Action                   |  1- 3 |  4- 6 |  7- 9 || total
-------------------------+-------+-------+-------++-------
Melee: Hand axe          |    65 |       |       ||    65
       Whip              |    71 |   218 |   189 ||   478
Throw: Boomerang         |     3 |     2 |       ||     5
  Use: Potion            |       |     3 |     1 ||     4
  Eat: Chunk             |     2 |     5 |     6 ||    13
Armor: Ring mail         |    55 |   117 |    61 ||   233
Dodge: Dodged            |    37 |    85 |    62 ||   184
Block: Kite shield       |    49 |   133 |    79 ||   261
